 Dungeon Crawl Stone Soup version 0.29.1-1-gd02db6906a (webtiles) character file.

Game seed: 17143817451331769998

177 LustLizard the Sneak (level 5, -1/26 HPs)
             Began as a Spriggan Arcane Marksman on Sept 27, 2022.
             Succumbed to a water moccasin's poison
             ... in a sewer.
             The game lasted 00:04:49 (2971 turns).

LustLizard the Sneak (Spriggan Arcane Marksman)     Turns: 2971, Time: 00:04:49

Health: -1/26      AC:  4    Str:  6    XL:     5   Next: 30%
Magic:  6/8        EV: 17    Int: 15    God:
Gold:   139        SH:  0    Dex: 17    Spells: 2/6 levels left

rFire   + . .      SeeInvis +   a - +1 sling
rCold   . . .      Faith    .   (no shield)
rNeg    . . .      Spirit   .   c - +0 robe
rPois   .          Reflect  .   (helmet restricted)
rElec   .          Harm     .   g - +1 cloak
rCorr   .          Rampage  .   (gloves unavailable)
Will    .....                   (boots unavailable)
Stlth   +++.......              (no amulet)
HPRegen 0.08/turn               e - ring of protection from fire
MPRegen 0.11/turn               (no ring)

@: lethally poisoned (-1 -> -16), hasted, very quick
A: very small, no large weapons, unfitting armour, see invisible, speed 3
a: no special abilities


You were in a sewer.
You visited 1 branch of the dungeon, and saw 4 of its levels.
You also visited: Sewer.

You collected 139 gold pieces.

Inventory:

Hand Weapons
 a - a +1 sling (weapon)
Armour
 c - a +0 robe (worn)
 g - a +1 cloak (worn)
Jewellery
 e - a ring of protection from fire (left hand)
Scrolls
 b - 3 scrolls of poison
 d - a scroll of blinking
 f - 2 scrolls of enchant weapon {unknown}
 i - 2 scrolls of teleportation {unknown}
 j - 2 scrolls of fog {unknown}
 k - a scroll of silence {unknown}
 l - a scroll of magic mapping {unknown}
 m - a scroll of fear {unknown}
 p - a scroll of immolation {unknown}
Potions
 h - a potion of haste
 o - a potion of brilliance
 q - 2 potions of might


   Skills:
 + Level 1.7 Fighting
 * Level 3.4 Ranged Weapons
 - Level 2.6 Dodging
 * Level 4.2 Stealth
 - Level 1.3 Spellcasting
 - Level 4.0 Hexes
 * Level 2.7 Translocations


You had 2 spell levels left.
You knew the following spells:

 Your Spells              Type           Power      Damage    Failure   Level
a - Slow                  Hex            52%        N/A       4%          1
b - Portal Projectile     Hex/Tloc       22%        N/A       19%         3

Your spell library contained the following spells:

 Spells                   Type           Power      Damage    Failure   Level
 Magic Dart               Conj           4%         1d3       24%         1
 Searing Ray              Conj           2%         2d4       34%         2
 Inner Flame              Hex/Fire       7%         N/A       30%         3
 Cause Fear               Hex            6%         N/A       41%         4
 Fulminant Prism          Conj/Hex       3%         3d6       71%         4


Dungeon Overview and Level Annotations

Branches:
Dungeon (4/15)              Sewer (1/1)
 Temple: D:4-7

Altars:
Fedhas
Qazlal
Trog

Annotations:
D:4 Ijyb


Innate Abilities, Weirdness & Mutations

You are very small and have problems with some larger weapons.
You are too small for most types of armour.
You have supernaturally acute eyesight. (SInv)
You cover ground extremely quickly. (Speed+++)


Message History

You shoot a sling bullet.
The sling bullet misses the water moccasin.
The water moccasin bites you but does no damage.
You shoot a sling bullet.
The sling bullet closely misses the water moccasin.
The water moccasin barely misses you.
You shoot a sling bullet.
The sling bullet hits the water moccasin.
The water moccasin is lightly wounded.
The water moccasin misses you. x2
You shoot a sling bullet.
The sling bullet hits the water moccasin but does no damage.
The water moccasin is lightly wounded.
The water moccasin bites you.
You are poisoned.
The water moccasin poisons you!
You shoot a sling bullet.
The sling bullet closely misses the water moccasin.
You feel very sick. The water moccasin closely misses you.
Unknown command.
You shoot a sling bullet.
The sling bullet misses the water moccasin.
You feel sick. The water moccasin bites you!
You feel better. The water moccasin bites you!
You are too injured to fight recklessly!
Fire: a) +1 sling
Press: ? - help, Q - select action, (/) - cycle Shift-Dir - straight line, f/p - water moccasin
Aim: a water moccasin (lightly wounded, slow, 40% to hit)
You shoot a sling bullet.
The sling bullet barely misses the water moccasin.
The water moccasin bites you!
* * * LOW HITPOINT WARNING * * *
You are lethally poisoned!
The water moccasin poisons you!
Unknown command.
* * * LOW HITPOINT WARNING * * *
You feel very sick.
You feel yourself speed up.
You die...

=)#. .#~#
#~..
##.~.##
#~.~~.#
~~..##
#...#
#S.##
#@~.#
##~~# #.
#~.# #.~
#~.# #~.#
##~.# #.~.
#~..#
#.~###.~##
#..~#~..#
#..~~.##


You could see a water moccasin (slow).

Vanquished Creatures
  An ogre (D:4)
  3 adders
  A river rat (D:4)
  2 worms (D:4)
  2 orcs (D:3)
  6 bats
  2 endoplasms
  2 giant cockroaches
  2 goblins
  3 hobgoblins
  8 jackals
  4 quokkas
  6 ball pythons
  2 frilled lizards
  4 kobolds
  5 rats
53 creatures vanquished.

Notes
Turn   | Place    | Note
-------+----------+-------------------------------------------
     0 | D:1      | LustLizard the Spriggan Arcane Marksman began the quest for
                  | the Orb.
     0 | D:1      | Reached XP level 1. HP: 9/9 MP: 3/3
   216 | D:1      | Reached skill level 1 in Stealth
   390 | D:1      | Found a faded altar of an unknown god.
   490 | D:1      | Reached XP level 2. HP: 14/14 MP: 5/5
   501 | D:1      | Reached skill level 1 in Fighting
  1184 | D:2      | Reached XP level 3. HP: 9/18 MP: 4/6
  1787 | D:2      | Learned a level 3 spell: Portal Projectile
  1936 | D:3      | Found a blossoming altar of Fedhas.
  2012 | D:3      | Found a bloodstained altar of Trog.
  2345 | D:3      | Reached skill level 1 in Translocations
  2553 | D:3      | Found a stormy altar of Qazlal.
  2569 | D:3      | Reached XP level 4. HP: 22/22 MP: 7/7
  2690 | D:4      | Noticed Ijyb
  2764 | D:4      | Noticed an ogre
  2805 | D:4      | Killed an ogre
  2806 | D:4      | Reached XP level 5. HP: 26/26 MP: 6/8
  2878 | D:4      | Found a glowing drain.
  2906 | Sewer    | Entered a sewer
  2953 | Sewer    | Noticed a water moccasin
  2971 | Sewer    | Succumbed to a water moccasin's poison

Illustrated notes

Levels and vault maps discovered:
D:1:      lemuel_arrival_tunnels, layout_basic,
          shapermc_ecumenical_altar_acropolis
D:2:      layout_basic
D:3:      layout_loops_ring, mainiacjoe_overflow_alcove_4,
          mainiacjoe_overflow_six_doors_small, mainiacjoe_overflow_catwalk
D:4:      layout_basic, cheibrodos_sewer_entry_sluice, uniq_grinder,
          uniq_sigmund, uniq_crazy_yiuf_cottage, uniq_ijyb
Sewer:    sewer_the_moccasin

Skill      XL: |  1  2  3  4 |
---------------+-------------+-----
Stealth        | 1 2 3 4 |  4.2
Fighting       | 1 |  1.7
Hexes          | 4 |  4.0
Translocations | 1 2 |  2.7
Ranged Weapons | 3 |  3.4
Dodging        | |  2.6
Spellcasting   | |  1.3

Action                   |  1- 3 |  4- 6 || total
-------------------------+-------+-------++-------
 Fire: Sling             |   131 |    67 ||   198
 Cast: Slow              |     4 |     8 ||    12
  Use: Scroll            |     2 |     3 ||     5
       Potion            |       |     2 ||     2
Armor: Robe              |    10 |     5 ||    15
Dodge: Dodged            |    42 |    26 ||    68
